 Dungeon Crawl Stone Soup version 0.19.0-19-g8c6edcc (webtiles) character file.

354 Ponchio the Thaumaturge (level 6, 0/32 HPs)
             Began as a Deep Elf Fire Elementalist on Nov 12, 2016.
             Was a Follower of Vehumet.
             Slain by an orc warrior
             ... wielding a +0 rapier
              (18 damage)
             ... on level 4 of the Dungeon.
             The game lasted 00:27:02 (4982 turns).

Ponchio the Thaumaturge (DEFE)                      Turns: 4982, Time: 00:27:02

Health: 0/32       AC:  4    Str:  5    XL:     6   Next: 35%
Magic:  17/20      EV: 13    Int: 22    God:    Vehumet [*.....]
Gold:   263        SH:  0    Dex: 15    Spells: 2 memorised, 20 levels left

rFire  . . .     SeeInvis .     g - +0 dagger
rCold  . . .     Gourm    .     a - +0 robe
rNeg   . . .     Faith    .     (no shield)
rPois  .         Spirit   .     (no helmet)
rElec  .         Reflect  .     i - +1 cloak
rCorr  .         Harm     .     (no gloves)
MR     .....                    (no boots)
Stlth  ++........               (no amulet)
                                (no ring)
                                (no ring)

@: no status effects
A: no striking features
a: Renounce Religion


You were on level 4 of the Dungeon.
You worshipped Vehumet.
Vehumet was aware of your devotion.
You were not hungry.

You visited 1 branch of the dungeon, and saw 4 of its levels.

You collected 263 gold pieces.

Inventory:

Hand Weapons
 g - a +0 dagger (weapon)
Armour
 a - a +0 robe (worn)
 i - a +1 cloak (worn)
Scrolls
 d - a scroll of teleportation
 k - 2 scrolls of immolation {unknown}
Potions
 e - 2 potions of mutation
 f - 3 potions of ambrosia
 h - 2 potions of heal wounds
 j - a potion of berserk rage {unknown}
 l - a potion of might {unknown}
 o - a potion of cancellation {unknown}
 p - a potion of lignification {unknown}
 q - a potion of brilliance {unknown}
 r - a potion of degeneration {unknown}
 t - a potion of curing {unknown}
Books
 b - a book of Flames

   Spells                             Type                      Level
   a - Flame Tongue                   Conjuration/Fire             1
   b - Throw Flame                    Conjuration/Fire             2
   c - Conjure Flame                  Conjuration/Fire             3
   d - Inner Flame                    Hexes/Fire                   3
   e - Sticky Flame                   Conjuration/Fire             4
   f - Fireball                       Conjuration/Fire             5
Comestibles
 c - 4 bread rations
 m - a meat ration
 n - 4 fruits


   Skills:
 - Level 2.4 Dodging
 - Level 2.4 Stealth
 + Level 9.1 Spellcasting
 - Level 1.1 Conjurations
 - Level 3.2 Fire Magic


You had 20 spell levels left.
You knew the following spells:

 Your Spells              Type           Power        Failure   Level  Hunger
a - Flame Tongue          Conj/Fire      ###..        3%          1    None
b - Throw Flame           Conj/Fire      ###...       6%          2    None


Dungeon Overview and Level Annotations

Branches:
Dungeon (4/15)
 Temple: D:4-7

Altars:
Cheibriados
Vehumet


Message History

The flame tongue misses the orc warrior.
The orc warrior hits you but does no damage.
Casting: Flame Tongue
Confirm with . or Enter, or press ? or * to list all spells.
Aiming: Flame Tongue
Press: ? - help, Shift-Dir - straight line, f/p - orc warrior
Aim: an orc warrior, wielding a rapier and wearing a plate armour (lightly wounded)
The flame tongue hits the orc warrior.
The orc warrior is moderately wounded.
The orc warrior hits you with a rapier!
Casting: Flame Tongue
Confirm with . or Enter, or press ? or * to list all spells.
Aiming: Flame Tongue
Press: ? - help, Shift-Dir - straight line, f/p - orc warrior
Aim: an orc warrior, wielding a rapier and wearing a plate armour (moderately wounded)
The flame tongue hits the orc warrior.
The orc warrior is heavily wounded.
The orc warrior hits you with a rapier!!
Ouch! That really hurt!
You die...

.##.# #....# ..#.# #<...#
#.#.# #....# #...# #....#
....# .....#
##.#######+######## ##.#.#
#.#............... ...#
#.........######## .###
#..............@.# .#
#..............o.#
#.............(..#######.
##.#.##'#[........'.......
........##..((....#######.
...#..####..(.....#
#####.####........#
+...........#######
######....).#


You could see an orc warrior.

Vanquished Creatures
  A phantom (D:3)
  An orc priest (D:4)
  An orc wizard (D:4)
  Terence (D:3)
  5 adders (D:2)
  4 gnolls (D:4)
  2 worms
  2 dart slugs
  3 orcs (D:4)
  3 bats
  4 giant cockroaches
  10 goblins
  11 hobgoblins
  10 jackals
  4 quokkas
  A ball python skeleton (D:3)
  11 frilled lizards
  12 kobolds
  A leopard gecko skeleton (D:4)
  6 rats
93 creatures vanquished.

Notes
Turn   | Place    | Note
-------+----------+-------------------------------------------
     0 | D:1      | Ponchio the Deep Elf Fire Elementalist began the quest for the Orb.
     0 | D:1      | Reached XP level 1. HP: 10/10 MP: 6/6
   633 | D:1      | Reached skill level 4 in Spellcasting
   633 | D:1      | Reached XP level 2. HP: 15/15 MP: 6/9
  1493 | D:1      | Reached XP level 3. HP: 19/19 MP: 3/11
  1675 | D:1      | Learned a level 2 spell: Throw Flame
  1727 | D:1      | Reached skill level 5 in Spellcasting
  1878 | D:2      | Found a snail-covered altar of Cheibriados.
  2285 | D:2      | Found a radiant altar of Vehumet.
  2293 | D:2      | Became a worshipper of Vehumet
  2304 | D:2      | Reached XP level 4. HP: 24/24 MP: 4/13
  2474 | D:2      | Reached skill level 6 in Spellcasting
  3566 | D:3      | Noticed Terence
  3570 | D:3      | Killed Terence
  3570 | D:3      | Reached skill level 7 in Spellcasting
  3570 | D:3      | Reached XP level 5. HP: 23/28 MP: 10/16
  3622 | D:3      | Noticed a phantom
  3644 | D:3      | Killed a phantom
  3644 | D:3      | Reached skill level 8 in Spellcasting
  3749 | D:3      | Reached * piety under Vehumet
  3749 | D:3      | Offered knowledge of Sting by Vehumet.
  4369 | D:4      | Reached XP level 6. HP: 32/32 MP: 3/19
  4546 | D:4      | Reached skill level 9 in Spellcasting
  4617 | D:4      | Noticed an orc warrior
  4982 | D:4      | Slain by an orc warrior

Skill      XL: |  1  2  3  4  5  6 |
---------------+-------------------+-----
Spellcasting   | 4 5 7 8 9 |  9.1
Dodging        | |  2.4
Stealth        | |  2.4
Conjurations   | |  1.1
Fire Magic     | |  3.2

Action                   |  1- 3 |  4- 6 || total
-------------------------+-------+-------++-------
Melee: Unarmed           |     1 |       ||     1
       Dagger            |    16 |     1 ||    17
 Cast: Flame Tongue      |    74 |    50 ||   124
       Throw Flame       |     9 |    78 ||    87
  Use: Scroll            |       |     6 ||     6
 Stab: Sleeping          |     1 |       ||     1
  Eat: Chunk             |     4 |     7 ||    11
       Fruit             |       |     1 ||     1
Armor: Robe              |     3 |     2 ||     5
Dodge: Dodged            |    32 |    15 ||    47
